Map: Galactic Process LE

Players

TomikuS - Winner!

  • Race: Zerg Zerg
  • League: Grandmaster

SortOf

  • Race: Zerg Zerg
  • League: Grandmaster

VOD

Have the link to the VOD?

Description

Time

  • Played on: Oct. 30, 2016, 7:16 a.m.
  • Length: 12:21
Show
View Real Time Build Order
Export as new Build Order

TomikuS Zerg - Winner!

Build Orders: Hatch First, Lurkers, Zergling Baneling 

Get SALT Encoding   

  12  0:01  Drone  
  13  0:13  Overlord  
  13  0:17  Drone  
  14  0:31  Drone x2  
  14  0:34  Drone  
  17  0:53  Unknown, Hatchery  
  17  0:56  Drone  
  17  0:59  Drone  
  18  1:07  Drone  
  19  1:16  Spawning Pool  
  18  1:19  Drone  
  18  1:21  Extractor  
  18  1:28  Drone  
  19  1:39  Overlord  
  19  1:51  Drone  
  20  2:00  Drone  
  21  2:05  Queen x2, Unknown  
  21  2:06  Zergling x2  
  26  2:11  Drone  
  27  2:16  Drone  
  28  2:23  Metabolic Boost  
  28  2:24  Drone  
  29  2:31  Drone  
  30  2:39  Unknown, Hatchery  
  29  2:45  Drone x2  
  31  3:02  Overlord  
  31  3:03  Drone x3  
  34  3:06  Baneling Nest  
  33  3:19  Zergling x2  
  34  3:20  Zergling x12  
  34  3:21  Zergling x2  
  41  3:34  Overlord  
  41  3:51  Unknown  
  41  3:53  Zergling x2  
  41  3:54  Zergling x18  
  51  3:59  Baneling x2  
  50  4:16  Baneling  
  48  4:17  Baneling x4  
  48  4:22  Drone x3  
  48  4:23  Drone x7  
  57  4:27  Overlord  
  57  4:36  Queen  
  55  4:46  Drone x7  
  55  4:47  Baneling x2  
  55  4:49  Lair  
  62  4:55  Extractor x2  
  60  5:04  Drone x3  
  60  5:05  Drone x2  
  60  5:06  Overlord  
  65  5:07  Overlord  
  65  5:18  Extractor, Overlord  
  64  5:23  Overlord x2  
  64  5:25  Drone x3  
  67  5:29  Drone x6  
  72  5:39  Zergling x6  
  75  5:48  Spire  
  74  5:53  Extractor x2  
  74  5:54  Drone x3  
  74  5:55  Drone x3  
  78  6:01  Baneling x2  
  78  6:04  Overlord  
  77  6:06  Overlord  
  77  6:12  Roach Warren  
  77  6:17  Drone  
  77  6:24  Spine Crawler  
  77  6:25  Spine Crawler x2  
  74  6:26  Spine Crawler  
  74  6:31  Overlord  
  71  6:34  Overlord x3  
  71  6:38  Overseer  
  70  7:00  Mutalisk x10  
  91  7:02  Zergling x6  
  91  7:03  Zergling x2  
  95  7:12  Hydralisk Den  
  95  7:14  Unknown, Hatchery  
  93  7:15  Baneling  
  93  7:16  Spine Crawler, Baneling x4  
  93  7:17  Spine Crawler  
  93  7:21  Zergling x6  
  93  7:22  Zergling x4  
  93  7:23  Baneling  
  93  7:30  Mutalisk x2  
  97  7:41  Mutalisk  
  97  7:42  Mutalisk  
  97  7:43  Zergling x6  
  96  7:49  Zergling x2  
  96  7:50  Zergling x10  
  94  8:00  Mutalisk x3  
  94  8:01  Queen x2  
  100  8:16  Glial Reconstitution  
  100  8:17  Zerg Flyer Weapons Level 1  
  96  8:24  Drone x6  
  101  8:31  Lurker Den  
  101  8:37  Drone x5  
  106  8:45  Drone  
  105  9:04  Mutalisk x3  
  105  9:05  Mutalisk  
  105  9:08  Unknown, Hatchery  
  105  9:09  Overlord  
  112  9:14  Overlord  
  112  9:15  Zergling x2  
  112  9:16  Hydralisk x4  
  121  9:19  Unknown  
  121  9:29  Hydralisk x4  
  129  9:50  Drone  
  129  9:51  Evolution Chamber  
  129  9:52  Evolution Chamber  
  128  9:53  Zergling x2  
  130  10:00  Lurker x2  
  130  10:01  Lurker x3  
  134  10:09  Roach x2  
  134  10:10  Roach x7, Overlord x3  
  152  10:17  Zerg Missile Weapons Level 1  
  152  10:19  Unknown  
  152  10:25  Extractor x2  
  150  10:30  Lurker x2  
  150  10:33  Drone x4  
  150  10:34  Drone x2  
  150  10:35  Overlord  
  158  10:37  Unknown  
  158  10:40  Overlord  
  158  10:41  Lurker  
  159  10:43  Roach x6  
  171  11:04  Roach  
  171  11:05  Roach x8  
  189  11:26  Hydralisk x2  
  189  11:27  Roach x2  
  190  11:50  Roach  
  190  11:51  Roach x9  
  192  11:56  Roach  
  192  11:57  Roach x2  
Show
View Real Time Build Order
Export as new Build Order

SortOf Zerg 

Build Orders: Hatch First, Zergling Baneling 

Get SALT Encoding   

  12  0:01  Drone  
  13  0:12  Overlord  
  13  0:18  Drone  
  14  0:31  Drone x2  
  16  0:49  Unknown, Hatchery  
  15  0:52  Drone  
  15  0:56  Drone  
  17  1:01  Drone  
  18  1:10  Extractor  
  17  1:14  Spawning Pool  
  17  1:17  Drone  
  17  1:21  Drone  
  18  1:28  Drone  
  19  1:39  Overlord  
  19  1:50  Drone  
  20  2:01  Queen x2, Unknown  
  20  2:02  Zergling x2  
  20  2:03  Drone  
  26  2:11  Metabolic Boost  
  26  2:12  Drone  
  26  2:13  Drone  
  29  2:22  Drone  
  29  2:23  Drone  
  30  2:35  Drone x2  
  32  2:41  Unknown, Hatchery  
  31  2:50  Baneling Nest  
  30  2:53  Overlord  
  30  2:54  Drone  
  30  2:58  Drone x2  
  32  3:05  Queen  
  34  3:10  Zergling x4  
  34  3:12  Drone  
  37  3:14  Drone  
  37  3:17  Drone  
  37  3:18  Drone  
  40  3:23  Spine Crawler  
  40  3:24  Zergling x2  
  40  3:27  Overlord  
  40  3:31  Drone  
  41  3:34  Baneling x2  
  41  3:37  Drone x2  
  43  3:42  Overlord  
  43  3:46  Drone  
  43  3:47  Drone x2  
  46  3:51  Zergling x2  
  46  3:52  Baneling, Zergling x2  
  46  3:53  Unknown, Baneling  
  48  3:58  Zergling x2  
  48  4:01  Zergling x4  
  50  4:10  Extractor  
  50  4:14  Baneling x2  
  50  4:15  Zergling x4  
  50  4:16  Zergling x8  
  55  4:21  Baneling x2  
  55  4:22  Zergling x4  
  55  4:23  Overlord  
  54  4:30  Roach Warren  
  53  4:31  Evolution Chamber, Drone  
  53  4:38  Drone x2  
  53  4:39  Baneling x2, Drone  
  53  4:45  Drone x3  
  56  4:49  Drone x2  
  56  4:50  Extractor, Overlord  
  56  4:52  Drone x3  
  60  4:59  Drone x2  
  62  5:01  Drone  
  63  5:12  Overlord, Drone x2  
  65  5:16  Roach x2  
  65  5:19  Drone  
  65  5:20  Drone x3  
  73  5:22  Lair  
  73  5:25  Overlord  
  73  5:28  Drone  
  74  5:32  Drone x3  
  74  5:33  Drone  
  75  5:40  Zerg Missile Weapons Level 1, Drone  
  76  5:44  Drone x2  
  76  5:46  Roach x2  
  76  5:47  Extractor  
  76  5:48  Extractor  
  76  5:49  Roach x2  
  84  5:51  Roach  
  84  5:52  Roach, Overlord  
  84  5:56  Overlord  
  88  6:03  Drone  
  88  6:04  Drone  
  89  6:05  Drone  
  89  6:07  Overlord x2  
  89  6:08  Extractor, Overlord  
  89  6:09  Overlord  
  88  6:15  Overlord  
  88  6:16  Overlord  
  88  6:19  Overseer  
  88  6:20  Queen  
  88  6:21  Queen  
  92  6:26  Roach, Nydus Network  
  92  6:30  Roach  
  93  6:33  Queen, Roach  
  93  6:38  Roach x2  
  93  6:39  Zergling x4  
  103  6:42  Roach  
  105  6:50  Roach x4  
  105  6:53  Unknown  
  113  6:56  Queen x2  
  117  7:02  Nydus Canal  
  117  7:06  Roach x6  
  129  7:11  Overlord  
  129  7:13  Roach x3  
  129  7:14  Overlord  
  135  7:21  Nydus Canal  
  134  7:23  Roach  
  134  7:32  Queen x2  
  136  7:38  Hydralisk Den  
  136  7:43  Drone x2  
  127  7:45  Drone x7  
  127  7:46  Drone  
  119  7:51  Drone  
  119  7:56  Drone  
  119  7:57  Drone  
  118  7:59  Drone  
  106  8:07  Drone x2  
  106  8:11  Glial Reconstitution  
  100  8:16  Spore Crawler  
  100  8:17  Spore Crawler x3, Hydralisk x3  
  100  8:18  Spore Crawler x2  
  94  8:20  Spore Crawler  
  94  8:21  Muscular Augments  
  94  8:24  Queen x2  
  91  8:28  Spore Crawler  
  91  8:29  Hydralisk x3  
  91  8:32  Hydralisk  
  98  8:38  Overseer  
  98  8:40  Hydralisk x2  
  102  8:43  Hydralisk  
  102  8:48  Roach x3  
  110  8:51  Roach  
  110  8:52  Roach  
  110  8:54  Roach  
  116  8:56  Roach  
  116  9:00  Roach x2  
  122  9:04  Roach x2  
  122  9:07  Hydralisk x2  
  130  9:13  Hydralisk x2  
  130  9:16  Hydralisk x3  
  138  9:20  Nydus Canal  
  140  9:24  Hydralisk x2  
  140  9:30  Hydralisk  
  146  9:38  Hydralisk  
  146  9:40  Overlord  
  146  9:41  Zerg Missile Weapons Level 2  
  146  9:43  Overlord x3  
  140  9:52  Infestation Pit  
  135  9:56  Overlord  
  135  9:59  Overseer  
  135  10:05  Drone x2  
  137  10:08  Unknown, Hatchery  
  136  10:23  Hydralisk x5  
  136  10:28  Spore Crawler, Drone x2  
  146  10:29  Drone  
  146  10:31  Hydralisk x4  
  154  10:37  Hive  
  154  10:40  Lurker Den  
  154  10:41  Drone x3  
  157  10:49  Drone  
  158  10:57  Spore Crawler  
  158  10:58  Drone x2  
  158  10:59  Spore Crawler  
  158  11:01  Infestor  
  158  11:02  Infestor  
  163  11:04  Drone x2  
  163  11:05  Drone  
  163  11:06  Extractor, Drone x3  
  163  11:11  Queen  
  167  11:12  Extractor  
  168  11:20  Unknown  
  168  11:28  Roach x8  
  184  11:41  Overlord x3  
  170  11:54  Hydralisk x9  
  152  12:05  Ravager x8  
Tags
 
Add a new tag
Caveats
  • Supply blocks, unpowered buildings, or Contaminate may cause inaccurate times.
  • Supply counts are checked every 10 seconds.